 Dungeon Crawl Stone Soup version 0.24-a0-784-g601f8f6d22 (webtiles) character file.

Game seed: 521309760395143875, levelgen mode: deterministic

1773803 Amen the Invulnerable (level 27, 106/196 HPs)
             Began as a Gargoyle Fighter on Oct 9, 2019.
             Was the Champion of Okawaru.
             Escaped with the Orb
             ... and 3 runes!
             The game lasted 04:10:32 (66327 turns).

Amen the Invulnerable (Gargoyle Fighter)           Turns: 66327, Time: 04:10:33

Health: 106/196    AC: 72    Str: 31    XL:     27
Magic:  46/46      EV: 15    Int: 12    God:    Okawaru [******]
Gold:   8607       SH:  0    Dex: 15    Spells: 26/26 levels left

rFire    + . .     SeeInvis +   W - +11 great mace "Beetlebane" {crush, *Contam rF+ MR+ Dex+3}
rCold    + . .     Gourm    .   (shield currently unavailable)
rNeg     + . .     Faith    .   K - +7 crystal plate armour
rPois    ∞         Spirit   .   A - +0 helmet of the Hanged Man {rElec Str+2 Dex-2 SInv}
rElec    +         Reflect  .   P - +1 cloak "Yschanew" {rElec MP+9 Slay+3}
rCorr    .         Harm     .   k - +0 pair of gloves of the Wilderness {MR+}
MR       ++++.                  c - +0 pair of boots "Heigutsu" {rC+ Slay+2 SInv}
Stlth    ..........             x - amulet of regeneration
HPRegen  0.82/turn              T - +6 ring of protection
MPRegen  0.30/turn              m - ring of Denuh {AC+5 Str+4}

@: no status effects
A: big wings, agile 1, deformed body, deterioration 1, negative energy
resistance 1, screaming 1, electricity resistance, weak 1, unbreathing,
petrification resistance, rot immunity, AC +20
0: Orb of Zot
}: 3/15 runes: serpentine, barnacled, silver
a: Fly, Heroism, Finesse, Renounce Religion


You escaped.
You worshipped Okawaru.
Okawaru was exalted by your worship.
You were very full.

You visited 10 branches of the dungeon, and saw 50 of its levels.
You visited the Abyss 1 time.
You visited 2 bazaars.
You also visited: Ice Cave and Volcano.

You collected 9382 gold pieces.
You spent 775 gold pieces at shops.

Inventory:

Hand Weapons
 Q - the +1 great mace "Tapruihy" {holy, Str+4}
   (Okawaru gifted it to you on level 2 of the Lair of Beasts)

   It has been blessed by the Shining One to cause great damage to the undead
   and demons.
   It affects your strength (+4).
 W - the +11 great mace "Beetlebane" (weapon) {crush, *Contam rF+ MR+ Dex+3}
   (Okawaru gifted it to you on level 3 of the Lair of Beasts)

   It inflicts extra damage upon your enemies.
   It affects your dexterity (+3).
   It protects you from fire.
   It affects your resistance to hostile enchantments.
   It causes magical contamination when unequipped.
Armour
 a - the +0 chain mail of the Insatiable Wonders {rF- Regen+ Str+5 SInv}
   (Okawaru gifted it to you on level 5 of the Realm of Zot)

   It affects your strength (+5).
   It makes you vulnerable to fire.
   It lets you see invisible.
   It increases your rate of regeneration.
 c - the +0 pair of boots "Heigutsu" (worn) {rC+ Slay+2 SInv}
   (Okawaru gifted it to you on level 3 of the Elven Halls)

   It affects your accuracy and damage with ranged weapons and melee attacks
   (+2).
   It protects you from cold.
   It lets you see invisible.
 k - the +0 pair of gloves of the Wilderness (worn) {MR+}
   (You bought it in a shop on level 2 of the Orcish Mines)

   It affects your resistance to hostile enchantments.
 y - the +1 scale mail "Rinader" {MR+ Slay+2}
   (You took it off a deep elf master archer on level 3 of the Elven Halls)

   It affects your accuracy and damage with ranged weapons and melee attacks
   (+2).
   It affects your resistance to hostile enchantments.
 A - the +0 helmet of the Hanged Man (worn) {rElec Str+2 Dex-2 SInv}
   (You bought it in a shop on level 2 of the Orcish Mines)

   It affects your strength (+2).
   It affects your dexterity (-2).
   It insulates you from electricity.
   It lets you see invisible.
 K - a +7 crystal plate armour (worn)
 N - the +0 cloak of Okawaru's Approval {Str+10}
   (You found it on level 3 of the Elven Halls)

   It affects your strength (+10).
 P - the +1 cloak "Yschanew" (worn) {rElec MP+9 Slay+3}
   (You found it on level 5 of the Vaults)

   It affects your accuracy and damage with ranged weapons and melee attacks
   (+3).
   It insulates you from electricity.
   It affects your magic capacity (+9).
 S - a scarf of spirit shield
 U - the +1 scale mail of Yredelemnul {Slay+3 SInv}
   (You found it on level 1 of the Snake Pit)

   It affects your accuracy and damage with ranged weapons and melee attacks
   (+3).
   It lets you see invisible.
Jewellery
 m - the ring of Denuh (right hand) {AC+5 Str+4}
   (You found it in an ice cave)

   [ring of protection]

   It affects your AC (+5).
   It affects your strength (+4).
 v - the ring "Uhelop" {rPois rF+ Str+8 Int-5 Dex+2}
   (You took it off a deep elf sorcerer on level 3 of the Elven Halls)

   [ring of protection from fire]

   It affects your strength (+8).
   It affects your intelligence (-5).
   It affects your dexterity (+2).
   It protects you from fire.
   It protects you from poison.
 x - an amulet of regeneration (around neck)
 M - an uncursed amulet of the gourmand
 R - an uncursed amulet of guardian spirit
 T - a +6 ring of protection (left hand)
 Z - a +4 amulet of reflection
Wands
 g - a wand of paralysis (62)
 h - a wand of polymorph (48)
 i - a wand of random effects (6)
 l - a wand of disintegration (43)
 n - a wand of acid (12)
 s - a wand of flame (20)
 F - a wand of iceblast (31)
 H - a wand of enslavement (16)
 L - a wand of clouds (14)
 O - a wand of digging (25)
 X - a wand of scattershot (12)
Scrolls
 b - a scroll of acquirement
 e - a scroll of enchant armour
 p - 6 scrolls of fog
 q - 23 scrolls of remove curse
 t - a scroll of silence
 w - a scroll of amnesia
 z - 2 scrolls of holy word
 C - 5 scrolls of blinking
 D - 13 scrolls of teleportation
 E - 8 scrolls of enchant weapon
 V - 5 scrolls of summoning
 Y - 12 scrolls of identify
Potions
 d - a potion of might
 j - 13 potions of curing
 o - 3 potions of haste
 r - 2 potions of berserk rage
 u - 4 potions of invisibility
 B - 3 potions of agility
 G - 11 potions of resistance
 I - 8 potions of ambrosia
Comestibles
 f - 47 rations


   Skills:
 - Level 26.0 Fighting
 + Level 23.2 Maces & Flails
   Level 12.0 Bows
 O Level 27 Armour
 + Level 12.9 Dodging
   Level 3.2 Shields
 + Level 20.2 Invocations
 - Level 11.5 Evocations


You had 26 spell levels left.
You didn't know any spells.
Your spell library contained the following spells:

 Spells                   Type           Power        Failure   Level  Hunger
 Animate Skeleton         Necr           N/A          86%         1    ##.....
 Apportation              Tloc           #.....       86%         1    ##.....
 Beastly Appendage        Tmut           #.....       86%         1    ##.....
 Corona                   Hex            #......      86%         1    ##.....
 Flame Tongue             Conj/Fire      #....        86%         1    ##.....
 Freeze                   Ice            #...         86%         1    ##.....
 Magic Dart               Conj           #...         86%         1    ##.....
 Sandblast                Erth           #.....       86%         1    ##.....
 Summon Butterflies       Summ           #.......     86%         1    ##.....
 Corpse Rot               Necr           N/A          94%         2    ###....
 Ensorcelled Hibernation  Hex/Ice        #.....       94%         2    ###....
 Passwall                 Tmut/Erth      #.......     94%         2    ###....
 Poisonous Vapours        Pois/Air       #.....       94%         2    ###....
 Searing Ray              Conj           #.....       94%         2    ###....
 Sticks to Snakes         Tmut           #.......     94%         2    ###....
 Swiftness                Chrm/Air       #.......     94%         2    ###....
 Throw Frost              Conj/Ice       #.....       94%         2    ###....
 Confuse                  Hex            #.......     99%         3    ####...
 Conjure Flame            Conj/Fire      #.......     99%         3    ####...
 Dazzling Spray           Conj/Hex       #.....       99%         3    ####...
 Gell's Gravitas          Tloc           #.........   99%         3    ####...
 Ignite Poison            Fire/Tmut/Pois #.......     99%         3    ####...
 Lesser Beckoning         Tloc           #.........   99%         3    ####...
 Mephitic Cloud           Conj/Pois/Air  #.......     99%         3    ####...
 Ozocubu's Armour         Chrm/Ice       #.......     99%         3    ####...
 Portal Projectile        Hex/Tloc       #.....       99%         3    ####...
 Recall                   Summ/Tloc      N/A          99%         3    ####...
 Regeneration             Chrm/Necr      #.........   99%         3    ####...
 Spider Form              Tmut/Pois      #.........   99%         3    ####...
 Stone Arrow              Conj/Erth      #.....       99%         3    ####...
 Tukima's Dance           Hex            #.......     99%         3    ####...
 Airstrike                Air            #.........   100%        4    #####..
 Animate Dead             Necr           N/A          100%        4    #####..
 Cause Fear               Hex            #.........   100%        4    #####..
 Force Lance              Conj/Tloc      #.......     100%        4    #####..
 Fulminant Prism          Conj/Hex       #.........   100%        4    #####..
 Ice Form                 Ice/Tmut       #.......     100%        4    #####..
 Iskenderun's Mystic Bla  Conj           #.......     100%        4    #####..
 Petrify                  Tmut/Erth      #.......     100%        4    #####..
 Sticky Flame             Conj/Fire      #.......     100%        4    #####..
 Summon Ice Beast         Ice/Summ       #.......     100%        4    #####..
 Summon Lightning Spire   Summ/Air       #.......     100%        4    #####..
 Throw Icicle             Conj/Ice       #.......     100%        4    #####..
 Agony                    Necr           #.......     100%        5    ######.
 Alistair's Intoxication  Tmut/Pois      #.......     100%        5    ######.
 Blade Hands              Tmut           #.........   100%        5    ######.
 Bolt of Draining         Conj/Necr      #.........   100%        5    ######.
 Bolt of Magma            Conj/Fire/Erth #.........   100%        5    ######.
 Borgnjor's Vile Clutch   Necr/Erth      #.........   100%        5    ######.
 Dispel Undead            Necr           #.......     100%        5    ######.
 Excruciating Wounds      Chrm/Necr      #.........   100%        5    ######.
 Fireball                 Conj/Fire      #.........   100%        5    ######.
 Irradiate                Conj/Tmut      #.........   100%        5    ######.
 Iskenderun's Battlesphe  Conj/Chrm      #.......     100%        5    ######.
 Lee's Rapid Deconstruct  Erth           #.........   100%        5    ######.
 Silence                  Hex/Air        #.........   100%        5    ######.
 Summon Demon             Summ           #.........   100%        5    ######.
 Venom Bolt               Conj/Pois      #.........   100%        5    ######.
 Bolt of Fire             Conj/Fire      #.........   100%        6    #######
 Conjure Ball Lightning   Conj/Air       #.........   100%        6    #######
 Darkness                 Hex            #.........   100%        6    #######
 Death Channel            Necr           #.........   100%        6    #######
 Deflect Missiles         Chrm/Air       #.........   100%        6    #######
 Dispersal                Tloc           #.........   100%        6    #######
 Freezing Cloud           Conj/Ice/Air   #.........   100%        6    #######
 Invisibility             Hex            #.......     100%        6    #######
 Iron Shot                Conj/Erth      #.........   100%        6    #######
 Shadow Creatures         Summ           N/A          100%        6    #######
 Simulacrum               Ice/Necr       #.........   100%        6    #######
 Dragon Form              Tmut           #.........   100%        7    #######
 Orb of Destruction       Conj           #.........   100%        7    #######
 Ring of Flames           Chrm/Fire      #.........   100%        7    #######
 Spellforged Servitor     Conj/Summ      #.........   100%        7    #######
 Controlled Blink         Tloc           N/A          100%        8    #######
 Disjunction              Tloc           #.........   100%        8    #######
 Dragon's Call            Summ           #.........   100%        9    #######
 Tornado                  Air            #.........   100%        9    #######
 Sublimation of Blood     Necr           Unusable     N/A         2    N/A
 Passage of Golubria      Tloc           Unusable     N/A         4    N/A
 Statue Form              Tmut/Erth      Unusable     N/A         6    N/A

Dungeon Overview and Level Annotations

Branches:
Dungeon (15/15)            Temple (1/1) D:7            Lair (6/6) D:11
 Shoals (4/4) Lair:4        Snake (4/4) Lair:3        Slime (0/5) Lair:5
    Orc (2/2) D:10            Elf (3/3) Orc:2        Vaults (5/5) D:14
  Crypt (0/3) Vaults:2     Depths (5/5) D:15            Zot (5/5) Depths:5
  IceCv (visited)         Volcano (visited)

Altars:
Cheibriados
Elyvilon
Fedhas
Gozag
Hepliaklqana
Kikubaaqudgha
Makhleb
Okawaru
Qazlal
Ru
Sif Muna
Trog
Uskayaw
Vehumet
Wu Jian
Beogh
Jiyva
Lugonu

Shops:
D:4 %}*?[   D:12 *   D:13 [   Orc:1 *   Orc:2 ![*:   Elf:1 (   Elf:3 [
Snake:2 *   Snake:3 (}[}   Vaults:4 *

Portals:
Hell: Lair:6 Depths:1 Depths:3 Depths:4 Depths:5
Abyss: Depths:1 Depths:4
Pandemonium: Orc:2 Depths:3 Depths:4
Ziggurat: Depths:2

Annotations:
D:9 3 runed translucent doors
D:14 Roxanne
Lair:1 exclusion: oklob plant
Lair:4 1 runed translucent door, Howlingfantods's ghost, journeyman BaAK
Orc:1 2 transporters, Gall2222's ghost, journeyman OgGl


Innate Abilities, Weirdness & Mutations

You are resistant to torment.
Your stone body is resilient. (AC +20)
You are immune to poison.
Your large and strong wings let you fly indefinitely.
You resist negative energy. (rN+)
You are resistant to electric shocks. (rElec)
You can survive without breathing.
You are immune to petrification.
You are immune to rotting.
You are agile. (Dex +2)
Armour fits poorly on your strangely shaped body.
Your body sometimes deteriorates upon taking damage.
You occasionally shout uncontrollably at your foes.
You are weak. (Str -2)


Message History

The hell beast misses you.
You flatten the hell beast like a pancake!!!!
You kill the hell beast!
Okawaru accepts your kill. The Ice Fiend gestures at you.
The bolt of cold hits you! You resist.
You sock the Ice Fiend!
The Ice Fiend is lightly wounded.
The Ice Fiend barely misses you. x2
You bludgeon the Ice Fiend!!
The Ice Fiend is moderately wounded.
You bludgeon the Ice Fiend!!
The Ice Fiend is heavily wounded.
The Ice Fiend gestures at you. The bolt of cold hits you!! You resist.
You pound the Ice Fiend like an anvil!!!
You kill the Ice Fiend!
Okawaru accepts your kill.
There is a staircase leading out of the dungeon here.
You have escaped!

########################
#>..................§≈≈#
#.(........§...≈≈§≈≈§§≈#
#.(....≈≈≈≈§§§§§§≈≈≈§≈.#
#.≈≈≈≈≈≈≈≈≈§§§§≈≈§......
#≈§≈≈≈≈≈§§§≈§≈≈≈........
#≈§≈§≈≈.................
#≈≈≈≈...........≈≈§≈...#
##≈≈...@...§§§§≈§≈§≈≈≈≈#
####.......§§§≈..≈≈≈≈≈#
####≈§≈≈§§≈........#
#≈≈≈§≈≈≈≈...........
#########...........
###......... #######...
#... ######...


There were no monsters in sight!

Vanquished Creatures
  5 orbs of fire
  Mara (Vaults:4)
  2 juggernauts
  5 ancient liches
  Sojobo (Depths:5)
  6 Killer Klowns
  Margery (Vaults:5)
  6 curse toes
  8 golden dragons
  2 bone dragons (Zot:3)
  3 electric golems
  Rupert (D:15)
  An Ice Fiend (D:1)
  5 liches
  32 tentacled monstrosities
  28 Orb Guardians
  Asterion (Vaults:4)
  6 quicksilver dragons
  The ghost of Johnny the Metallomancer, an adept DgEE (Elf:3)
  6 titans
  2 deep elf master archers (Elf:3)
  2 deep elf blademasters (Elf:3)
  3 krakens
  10 death cobs
  Agnes (Vaults:4)
  Donald (Vaults:2)
  An ancient champion (Vaults:4)
  3 sphinxes
  14 shadow dragons
  6 tengu reavers
  18 storm dragons
  11 draconian monks
  6 fire giants
  12 draconian knights
  11 nagarajas
  11 frost giants
  Aizul (Snake:4)
  3 ghost moths
  10 draconian scorchers
  17 vault wardens
  A curse skull (Vaults:2)
  2 deep elf elementalists (Elf:3)
  A balrug (Depths:4)
  Louise (Snake:4)
  13 draconian stormcallers
  3 iron dragons
  9 deep elf sorcerers
  2 cacodemons (Elf:3)
  2 orc warlords
  A draconian shifter (Zot:3)
  14 ironheart preservers
  A spriggan defender (Vaults:4)
  21 stone giants
  4 draconian annihilators
  16 green draconians
  10 very ugly things
  An entropy weaver (Vaults:5)
  5 deep elf demonologists
  2 vampire knights
  13 black draconians
  5 deep elf annihilators
  18 purple draconians
  11 red draconians
  Azrael (Elf:1)
  7 spark wasps
  22 white draconians
  11 yellow draconians
  4 merfolk impalers
  8 merfolk javelineers
  6 ettins
  Josephine (Snake:1)
  4 deep elf death magi
  9 fire dragons
  10 great orbs of eyes
  6 deep elf high priests
  Fannar (Lair:2)
  16 yaktaur captains
  5 rakshasas
  27 vault guards (Vaults:5)
  7 ice dragons
  9 naga warriors
  4 spriggan air magi
  10 hydras
  A monstrous demonspawn (Depths:4)
  A death knight (D:15)
  3 merfolk aquamancers
  A hell beast (D:1)
  10 centaur warriors
  An alligator snapping turtle (shapeshifter) (Vaults:5)
  7 anacondas
  4 merfolk avatars
  9 deep troll shamans
  20 ogre magi
  Erica (Lair:1)
  26 dancing weapons
  3 alligator snapping turtles
  7 tengu warriors
  A satyr (Shoals:4)
  51 two-headed ogres
  A vampire mage (Depths:5)
  10 orc high priests
  2 sun demons
  8 deep troll earth magi
  11 hell knights
  4 shock serpents
  4 soul eaters (Zot:3)
  3 spriggan berserkers
  16 naga sharpshooters
  Nergalle (Lair:4)
  8 iron trolls
  19 deep elf knights
  A fire crab (shapeshifter) (Depths:5)
  A storm dragon skeleton (Zot:3)
  2 salamander mystics
  A small abomination (Elf:3)
  5 skeletal warriors
  4 flayed ghosts
  3 naga ritualists
  35 deep trolls
  An unseen horror (shapeshifter) (Elf:3)
  28 sea snakes
  A gelid demonspawn (Depths:4)
  5 glowing orange brains
  3 torturous demonspawn (Orc:2)
  An unseen horror (Vaults:1)
  An obsidian statue (Shoals:1)
  6 wizards
  7 harpies
  9 deep elf archers
  11 ironbrand convokers
  5 phantasmal warriors
  A harpy (shapeshifter) (Elf:3)
  6 necromancers
  2 wolf spiders
  25 ugly things
  7 mana vipers
  16 orc knights
  9 orc sorcerers
  58 deep elf magi
  15 manticores
  8 salamanders
  10 cyclopes
  9 fauns
  28 moths of wrath
  A frost giant zombie (Depths:1)
  A manticore (shapeshifter) (Vaults:5)
  A spriggan zombie (Depths:1)
  2 ice statues (IceCv)
  Maurice (Orc:1)
  7 large abominations (Elf:3)
  5 water nymphs
  5 centaur zombies
  12 vault sentinels
  7 guardian serpents
  4 elephants (Lair:6)
  21 black mambas
  10 merfolk sirens
  A rust devil (D:12)
  A frost giant skeleton (Vaults:1)
  4 orange demons
  A fire giant skeleton (Vaults:1)
  16 naga magi
  A smoke demon (Lair:6)
  17 spiny frogs
  A stone giant skeleton (Depths:1)
  A torpor snail (shapeshifter) (D:15)
  A rime drake (shapeshifter) (Depths:3)
  A komodo dragon (shapeshifter) (Depths:5)
  3 kobold demonologists
  8 rime drakes
  7 komodo dragons
  53 yaktaurs
  An efreet (D:14)
  A redback zombie (D:15)
  5 ice devils
  A green draconian skeleton (Zot:3)
  5 tengu conjurers
  A hellwing (Orc:2)
  4 freezing wraiths
  5 red devils
  2 queen bees (shapeshifter)
  28 merfolk
  A merfolk (shapeshifter) (Depths:2)
  A polar bear (Lair:6)
  3 polar bears (shapeshifter)
  2 wind drakes
  9 trolls
  2 wind drakes (shapeshifter)
  9 hornets
  19 dream sheep
  14 snapping turtles
  A raiju (shapeshifter) (Elf:3)
  32 slime creatures
  11 hippogriffs
  A meliai zombie (D:15)
  15 blink frogs
  An ettin zombie (Depths:1)
  A redback (shapeshifter) (Depths:5)
  A redback (Vaults:5)
  2 ynoxinuls (Orc:2)
  2 spriggans (Depths:5)
  A spriggan skeleton (Depths:1)
  15 water elementals
  2 shadows
  5 air elementals
  A spriggan (shapeshifter) (Vaults:2)
  4 wyverns
  6 basilisks
  A vampire (D:11)
  A deep troll skeleton (Depths:1)
  A hog (Shoals:2)
  53 yaks
  10 wraiths
  5 fire elementals
  A basilisk (shapeshifter) (Depths:5)
  2 steam dragons (D:8)
  A yaktaur simulacrum (Vaults:3)
  A golden eye (shapeshifter) (Vaults:3)
  2 hungry ghosts
  Edmund (D:3)
  7 vampire mosquitoes
  47 nagas
  8 wargs
  A harpy simulacrum (D:15)
  An acid dragon (D:14)
  A soldier ant (D:9)
  A soldier ant (shapeshifter) (Vaults:5)
  A porcupine (shapeshifter) (Vaults:5)
  2 human skeletons (Vaults:1)
  13 water moccasins
  22 hell hounds
  A water moccasin (shapeshifter) (Elf:3)
  Duvessa (D:4)
  16 porcupines
  6 black bears
  15 ice beasts
  An eye of draining (D:9)
  An eye of draining (shapeshifter) (Vaults:1)
  58 orc warriors
  2 necrophages
  3 phantoms
  5 sky beasts
  53 ogres
  A centaur (shapeshifter) (Vaults:5)
  7 wolves
  8 centaurs
  A boggart (Depths:2)
  A deep troll simulacrum (Depths:1)
  14 crocodiles
  4 big kobolds (D:15)
  23 bullfrogs
  4 earth elementals
  A wyvern skeleton (D:13)
  5 scorpions
  Dowan (D:4)
  A tengu zombie (Depths:1)
  8 killer bees
  5 howler monkeys
  6 wights
  3 electric eels
  3 lava snakes (Lair:4)
  15 crimson imps
  4 quasits
  3 bullfrog skeletons
  2 bullfrog zombies (D:7)
  5 jellies
  38 orc priests
  12 hounds
  5 centaur skeletons
  5 iguanas
  25 orc wizards
  7 worker ants
  Natasha (thrice) (D:4)
  A hound zombie (D:10)
  5 hound skeletons
  A howler monkey zombie (D:6)
  A worker ant zombie (D:10)
  7 gnolls
  16 adders
  6 shadow imps
  An adder zombie (D:9)
  An adder skeleton (D:5)
  5 worms
  3 dart slugs
  9 leopard geckos
  107 orcs
  6 giant cockroaches
  5 goblins
  7 hobgoblins
  11 jackals
  6 quokkas
  A ball python (D:1)
  12 bats
  9 frilled lizards
  A jackal zombie (D:5)
  4 kobolds
  A quokka skeleton (D:9)
  6 rats
  5 plants
  3 tentacles (Shoals:3)
2357 creatures vanquished.

Vanquished Creatures (others)
  A naga warrior (Snake:2)
  A deep elf knight (Vaults:4)
  A deep elf mage (Elf:1)
  A black mamba (Snake:2)
  A spiny frog (Lair:3)
  A frost giant skeleton (Depths:1)
  A fire elemental (Elf:2)
  2 orc warriors
  An orc (Vaults:5)
  7 fungi
  13 plants
  15 tentacles
45 creatures vanquished.

Grand Total: 2402 creatures vanquished

Notes
Turn   | Place    | Note
-------+----------+-------------------------------------------
     0 | D:1      | Amen the Gargoyle Fighter began the quest for the Orb.
     0 | D:1      | Reached XP level 1. HP: 14/14 MP: 1/1
    98 | D:1      | Reached XP level 2. HP: 4/19 MP: 2/2
   664 | D:1      | Reached XP level 3. HP: 24/24 MP: 3/3
  1266 | D:2      | Reached XP level 4. HP: 29/29 MP: 4/4
  1631 | D:3      | Reached XP level 5. HP: 14/34 MP: 5/5
  2168 | D:3      | You fall into a shaft and drop 3 floors!
  2175 | D:5      | Entered Level 5 of the Dungeon
  2198 | D:5      | Reached skill level 5 in Maces & Flails
  2198 | D:5      | Reached XP level 6. HP: 34/40 MP: 6/6
  2207 | D:4      | Reached skill level 5 in Fighting
  2556 | D:4      | Found Fotsymme's Gadget Shop.
  2559 | D:4      | Noticed Edmund
  2924 | D:4      | Found Lamat's Food Boutique.
  2932 | D:4      | Bought a ration for 55 gold pieces
  2943 | D:4      | Found a bloodstained altar of Trog.
  3064 | D:4      | Found Weulueh's Magic Scroll Boutique.
  3065 | D:4      | Noticed Dowan
  3068 | D:4      | Noticed Duvessa
  3084 | D:4      | Killed Dowan
  3098 | D:4      | Killed Duvessa
  3098 | D:4      | Reached XP level 7. HP: 3/44 MP: 7/7
  3098 | D:4      | HP: 2/44 [scorpion (2)]
  3396 | D:3      | Killed Edmund
  3476 | D:4      | Bought a scroll of magic mapping for 45 gold pieces
  3480 | D:4      | Found Ciwe's Antique Armour Emporium.
  3485 | D:4      | Found Ytyedat's Assorted Antiques.
  3486 | D:4      | Noticed Natasha
  3491 | D:4      | Killed Natasha
  3596 | D:4      | Noticed Natasha
  3607 | D:4      | Killed Natasha
  3706 | D:4      | Noticed Natasha
  3713 | D:4      | Killed Natasha
  3976 | D:5      | Reached XP level 8. HP: 52/52 MP: 8/8
  4245 | D:5      | Found a sacrificial altar of Ru.
  4720 | D:6      | Found a snail-covered altar of Cheibriados.
  4862 | D:6      | Found a blossoming altar of Fedhas.
  4867 | D:6      | Reached XP level 9. HP: 59/59 MP: 9/9
  5228 | D:7      | Reached skill level 10 in Maces & Flails
  5805 | D:7      | Found a staircase to the Ecumenical Temple.
  5813 | Temple   | Entered the Ecumenical Temple
  5823 | Temple   | Became a worshipper of Warmaster Okawaru
  5983 | D:7      | Found a shimmering blue altar of Sif Muna.
  6168 | D:8      | Reached XP level 10. HP: 56/66 MP: 10/10
  6294 | D:8      | Reached * piety under Okawaru
  6650 | D:8      | Found a stormy altar of Qazlal.
  6950 | D:9      | Noticed a two-headed ogre
  6964 | D:9      | Reached skill level 4 in Armour
  6981 | D:9      | Killed a two-headed ogre
  7291 | D:9      | Reached ** piety under Okawaru
  7309 | D:9      | Reached skill level 10 in Fighting
  7329 | D:9      | Found an ancient bone altar of Kikubaaqudgha.
  7338 | D:9      | Found a blossoming altar of Fedhas.
  7348 | D:9      | Found a runed translucent gate.
  7348 | D:9      | Found a runed translucent gate.
  7348 | D:9      | Found a runed translucent gate.
  7349 | D:9      | Noticed a red ugly thing
  7349 | D:9      | Noticed a cyan ugly thing
  7351 | D:9      | Noticed a red ugly thing
  7372 | D:9      | Reached skill level 5 in Armour
  7454 | D:9      | Found a white marble altar of Elyvilon.
  8029 | D:10     | Entered Level 10 of the Dungeon
  8112 | D:10     | Found a staircase to the Orcish Mines.
  8207 | D:10     | Noticed a two-headed ogre
  8218 | D:10     | Killed a two-headed ogre
  8218 | D:10     | Reached *** piety under Okawaru
  8218 | D:10     | Reached skill level 6 in Armour
  8218 | D:10     | Reached XP level 11. HP: 37/73 MP: 11/11
  8313 | D:10     | Noticed a rakshasa
  8475 | D:10     | Reached **** piety under Okawaru
  8550 | D:11     | Noticed a cyclops
  8561 | D:11     | Killed a cyclops
  8851 | D:11     | Noticed a brown ugly thing
  8853 | D:11     | Reached skill level 7 in Armour
  8900 | D:11     | Killed a brown ugly thing
  9051 | D:11     | Found a staircase to the Lair.
  9120 | Lair:1   | Entered Level 1 of the Lair of Beasts
  9134 | D:11     | Reached ***** piety under Okawaru
  9134 | D:11     | Reached skill level 8 in Armour
  9339 | Lair:1   | Reached skill level 9 in Armour
  9377 | Lair:1   | Noticed an oklob plant
  9483 | Lair:1   | Noticed a four-headed hydra
  9498 | Lair:1   | Killed a four-headed hydra
  9498 | Lair:1   | Reached XP level 12. HP: 30/82 MP: 12/12
  9632 | Lair:1   | Noticed Erica
  9654 | Lair:1   | Received a gift from Okawaru
  9682 | Lair:2   | Reached skill level 10 in Armour
  9748 | Lair:1   | Killed Erica
  9765 | Lair:1   | Got a fine dire flail {god gift}
  9771 | Lair:1   | Identified the +1 dire flail of Hard Scrabble {drain,
                  | Dex+5} (Okawaru gifted it to you on level 1 of the Lair of
                  | Beasts)
 10341 | Lair:2   | Noticed an eight-headed hydra
 10343 | Lair:2   | Noticed a four-headed hydra
 10367 | Lair:2   | Killed an eight-headed hydra
 10532 | Lair:2   | Reached ****** piety under Okawaru
 10692 | Lair:2   | Killed a four-headed hydra
 10815 | Lair:2   | Noticed Fannar
 10827 | Lair:2   | Killed Fannar
 10827 | Lair:2   | Received a gift from Okawaru
 10833 | Lair:2   | Got a translucent great mace {god gift}
 10834 | Lair:2   | Identified the +1 great mace "Tapruihy" {holy, Str+4}
                  | (Okawaru gifted it to you on level 2 of the Lair of Beasts)
 11539 | Lair:3   | Reached XP level 13. HP: 70/89 MP: 13/13
 11578 | Lair:3   | Reached skill level 1 in Dodging
 11578 | Lair:3   | Reached skill level 1 in Invocations
 11683 | Lair:3   | Found a staircase to the Snake Pit.
 12237 | Lair:4   | Noticed Nergalle
 12246 | Lair:4   | Killed Nergalle
 12286 | Lair:4   | Found a runed translucent door.
 12286 | Lair:4   | Noticed Howlingfantods's ghost (journeyman BaAK)
 12287 | Lair:4   | Identified the +12 trident of Uskayaw's Displeasure {speed,
                  | Str+2 Stlth+}
 12475 | Lair:4   | Received a gift from Okawaru
 12764 | Lair:3   | Received a gift from Okawaru
 12767 | Lair:3   | Got a bloodstained great mace {god gift}
 12768 | Lair:3   | Identified the +11 great mace "Beetlebane" {crush, *Contam
                  | rF+ MR+ Dex+3} (Okawaru gifted it to you on level 3 of the
                  | Lair of Beasts)
 12793 | Lair:4   | Found a staircase to the Shoals.
 13423 | Lair:5   | Found a viscous altar of Jiyva.
 13423 | Lair:5   | Found a staircase to the Slime Pits.
 13754 | Lair:5   | Reached skill level 5 in Dodging
 13756 | Lair:5   | Reached skill level 1 in Evocations
 14095 | Lair:6   | Entered Level 6 of the Lair of Beasts
 14132 | Lair:6   | Received a gift from Okawaru
 14343 | Lair:6   | Got a crude ring mail {god gift}
 14354 | Lair:6   | Identified the +1 ring mail of Syndicalism {rN+} (Okawaru
                  | gifted it to you on level 6 of the Lair of Beasts)
 14638 | Lair:6   | Gained mutation: Your large and strong wings let you fly
                  | indefinitely. [Gargoyle growth]
 14638 | Lair:6   | Reached XP level 14. HP: 85/96 MP: 17/17
 15117 | Lair:6   | Reached skill level 15 in Fighting
 15351 | Lair:6   | Reached skill level 11 in Armour
 15405 | Lair:6   | Found a burning altar of Makhleb.
 16137 | Lair:6   | Reached skill level 15 in Maces & Flails
 16150 | Lair:6   | Found a gateway to Hell.
 16356 | Orc:1    | Entered Level 1 of the Orcish Mines
 16380 | Orc:1    | Noticed Maurice
 16387 | Orc:1    | Killed Maurice
 16409 | Orc:1    | Noticed an orc warlord
 16424 | Orc:1    | Killed an orc warlord
 16424 | Orc:1    | Received a gift from Okawaru
 16852 | Orc:1    | Found a dark tunnel.
 16861 | Volcano  | Entered a volcano
 17294 | Orc:1    | Found a transporter.
 17296 | Orc:1    | Noticed Gall2222's ghost (journeyman OgGl)
 17303 | Orc:1    | Found a transporter.
 17577 | Orc:2    | Entered Level 2 of the Orcish Mines
 17577 | Orc:2    | Found a roughly hewn altar of Beogh.
 17581 | Orc:2    | Found a staircase to the Elven Halls.
 17706 | Orc:2    | Found a frozen archway.
 17739 | IceCv    | Entered an ice cave
 17838 | IceCv    | Reached skill level 12 in Armour
 17895 | IceCv    | Received a gift from Okawaru
 18147 | IceCv    | Got a flickering ivory ring
 18448 | Orc:2    | Identified the ring of Denuh {AC+5 Str+4} (You found it in
                  | an ice cave)
 18642 | Orc:2    | Found Powuekk's General Store.
 18644 | Orc:2    | Found Piottei's Distillery.
 18650 | Orc:2    | Reached XP level 15. HP: 78/104 MP: 18/18
 18673 | Orc:1    | Found Hifaucla's Humungous Hoard.
 19090 | Orc:2    | Bought a scroll of magic mapping for 38 gold pieces
 19090 | Orc:2    | Bought the +0 helmet of the Hanged Man {rElec Str+2 Dex-2
                  | SInv} for 249 gold pieces
 19090 | Orc:2    | Bought a scroll of teleportation for 33 gold pieces
 19672 | Orc:2    | Bought a potion of heal wounds for 80 gold pieces
 19995 | Orc:2    | Found Nabi's Book Shop.
 19995 | Orc:2    | Found Ipperu's Antique Armour Boutique.
 19995 | Orc:2    | Found a one-way gate leading to the halls of Pandemonium.
 20004 | Orc:2    | Bought a pair of slimy gloves for 275 gold pieces
 20019 | Orc:2    | Identified the cursed +0 pair of gloves of the Wilderness
                  | {MR+} (You bought it in a shop on level 2 of the Orcish
                  | Mines)
 20461 | D:12     | Reached skill level 13 in Armour
 20555 | D:12     | Found a stormy altar of Qazlal.
 20721 | D:12     | Found Orasynle's Demolitions Depot.
 20837 | D:12     | Received a gift from Okawaru
 20944 | D:12     | Gained mutation: You are agile. (Dex +2) [mutagenic glow]
 21396 | D:13     | Found Fiaqosid's Armour Emporium.
 22687 | D:14     | Reached skill level 14 in Armour
 22700 | D:14     | Reached XP level 16. HP: 78/112 MP: 19/19
 22764 | D:14     | Received a gift from Okawaru
 22774 | D:14     | Got a pitted glaive {god gift}
 22775 | D:14     | Identified the +1 glaive "Utsamp" {flame, rC++ Str+2}
                  | (Okawaru gifted it to you on level 14 of the Dungeon)
 22777 | D:14     | Identified a scroll of acquirement
 22797 | D:14     | Found a gate to the Vaults.
 22852 | D:14     | Noticed Roxanne
 23277 | D:14     | You fall into a shaft and drop 1 floor!
 23277 | D:15     | Entered Level 15 of the Dungeon
 23487 | D:15     | Noticed Rupert
 23500 | D:15     | Killed Rupert
 23825 | D:15     | Received a gift from Okawaru
 23959 | D:15     | Reached skill level 15 in Armour
 24165 | D:15     | Found a staircase to the Depths.
 24522 | Snake:1  | Entered Level 1 of the Snake Pit
 24545 | Snake:1  | Noticed Josephine
 24558 | Snake:1  | Killed Josephine
 24686 | Snake:1  | Got an ichor-stained scale mail
 24687 | Snake:1  | Identified the cursed +1 scale mail of Yredelemnul {Slay+3
                  | SInv} (You found it on level 1 of the Snake Pit)
 24813 | Snake:1  | You fall into a shaft and drop 1 floor!
 24813 | Snake:2  | Found Bago's General Store.
 24915 | Snake:2  | You fall into a shaft and drop 1 floor!
 24918 | Snake:3  | Noticed a nagaraja
 24921 | Snake:4  | Entered Level 4 of the Snake Pit
 24942 | Snake:4  | Received a gift from Okawaru
 24979 | Snake:4  | Noticed Louise
 25018 | Snake:4  | Killed Louise
 25057 | Snake:4  | Noticed Aizul
 25071 | Snake:4  | Killed Aizul
 25337 | Snake:4  | Found a hide-covered altar of Uskayaw.
 25435 | Snake:4  | Reached skill level 16 in Armour
 25464 | Snake:4  | Noticed a nagaraja
 25472 | Snake:4  | Killed a nagaraja
 25726 | Snake:4  | Noticed a nagaraja
 25726 | Snake:4  | Noticed a nagaraja
 25749 | Snake:4  | Reached XP level 17. HP: 108/120 MP: 16/20
 25763 | Snake:4  | Received a gift from Okawaru
 27125 | Snake:3  | Reached skill level 17 in Armour
 27634 | Snake:3  | Found Punlul's Armour Boutique.
 27637 | Snake:3  | Found Loziv's Gadget Boutique.
 27637 | Snake:3  | Found Muxkeno's Antique Weapon Shop.
 27643 | Snake:3  | Found Moaf's Gadget Shop.
 28267 | Snake:4  | Received a gift from Okawaru
 28538 | Snake:4  | Reached XP level 18. HP: 113/129 MP: 5/21
 29008 | Snake:4  | Reached skill level 18 in Armour
 29018 | Snake:4  | Received a gift from Okawaru
 29239 | Snake:4  | Got a serpentine rune of Zot
 29497 | Elf:1    | Entered Level 1 of the Elven Halls
 29798 | Elf:1    | Noticed Azrael
 29807 | Elf:1    | Killed Azrael
 30040 | Elf:1    | Cast into level 3 of the Abyss (+3 war axe of distortion)
 30129 | Abyss:3  | Found a corrupted altar of Lugonu.
 30156 | Elf:1    | Escaped the Abyss
 30321 | Elf:1    | Found Pisimidu's Weapon Emporium.
 31259 | Elf:2    | Received a gift from Okawaru
 31276 | Elf:2    | Got a distressingly furry scale mail {god gift}
 31277 | Elf:2    | Identified the +2 scale mail of Conscience {+Fly} (Okawaru
                  | gifted it to you on level 2 of the Elven Halls)
 31498 | Elf:2    | Found a runed translucent gate.
 31499 | Elf:2    | Found a runed translucent gate.
 31502 | Elf:2    | Found a runed translucent gate.
 31898 | Elf:2    | Reached XP level 19. HP: 137/137 MP: 22/22
 31932 | Elf:2    | Reached skill level 19 in Armour
 32184 | Elf:3    | Entered Level 3 of the Elven Halls
 32342 | Elf:3    | Found Edwinol's Armour Shop.
 32508 | Elf:3    | Found a runed translucent gate.
 32508 | Elf:3    | Noticed a tentacled monstrosity
 32509 | Elf:3    | Found a runed translucent gate.
 32510 | Elf:3    | Found a runed translucent gate.
 32513 | Elf:3    | Noticed a tentacled monstrosity
 32889 | Elf:3    | Noticed a Tzitzimitl
 32900 | Elf:3    | Noticed a Hell Sentinel
 32918 | Elf:3    | Received a gift from Okawaru
 32942 | Elf:3    | Got a pair of shimmering boots {god gift}
 32957 | Elf:3    | Identified the +0 pair of boots "Heigutsu" {rC+ Slay+2
                  | SInv} (Okawaru gifted it to you on level 3 of the Elven
                  | Halls)
 33253 | Elf:3    | Identified the ring "Uhelop" {rPois rF+ Str+8 Int-5 Dex+2}
 33396 | Elf:3    | Identified the cursed ring of Woczotye {Str-2 Stlth+}
 33496 | Elf:3    | Identified the amulet "Qicekaerej" {rElec rF+ rN+ Regen+}
 33519 | Elf:3    | Identified the Incunabulum of Black Rituals and Execration
 33545 | Elf:3    | Identified the cursed +1 scale mail "Rinader" {MR+ Slay+2}
 33828 | Elf:3    | Found the +3 giant club "Skullcrusher" {speed, Str+7}
 33989 | Elf:3    | Killed a tentacled monstrosity
 33989 | Elf:3    | Reached skill level 1 in Bows
 33997 | Elf:3    | Killed a tentacled monstrosity
 34015 | Elf:3    | Noticed a tentacled monstrosity
 34016 | Elf:3    | Noticed a tentacled monstrosity
 34028 | Elf:3    | Received a gift from Okawaru
 34034 | Elf:3    | Killed a tentacled monstrosity
 34037 | Elf:3    | Killed a tentacled monstrosity
 34048 | Elf:3    | Found a runed translucent gate.
 34048 | Elf:3    | Found a runed translucent gate.
 34056 | Elf:3    | Found a runed translucent gate.
 34056 | Elf:3    | Noticed Johnny's ghost (adept DgEE)
 34117 | Elf:3    | Killed Johnny's ghost
 34533 | Elf:3    | Got an ichor-stained cloak
 34547 | Elf:3    | Identified the +0 cloak of Okawaru's Approval {Str+10} (You
                  | found it on level 3 of the Elven Halls)
 34846 | Depths:1 | Entered Level 1 of the Depths
 34859 | Depths:1 | Reached XP level 20. HP: 124/145 MP: 23/23
 34966 | Depths:1 | Reached skill level 5 in Bows
 35260 | Shoals:1 | Entered Level 1 of the Shoals
 35537 | Shoals:1 | Reached skill level 20 in Armour
 35615 | Shoals:1 | Received a gift from Okawaru
 36706 | Shoals:4 | Entered Level 4 of the Shoals
 37164 | Shoals:3 | Identified the cursed +1 scale mail of Courage {+Inv SInv}
                  | (You found it on level 3 of the Shoals)
 37405 | Shoals:4 | Received a gift from Okawaru
 37413 | Shoals:4 | Got a pair of heavily runed boots {god gift}
 37424 | Shoals:4 | Identified the +0 pair of boots of Forking Paths {*Corrode
                  | +Inv Int+10 Stlth+} (Okawaru gifted it to you on level 4 of
                  | the Shoals)
 37677 | Shoals:4 | Got a barnacled rune of Zot
 38268 | Shoals:4 | Reached XP level 21. HP: 152/152 MP: 24/24
 38610 | Vaults:1 | Entered Level 1 of the Vaults
 38785 | Vaults:1 | Reached skill level 10 in Bows
 39228 | Vaults:1 | Received a gift from Okawaru
 40073 | Vaults:2 | Got a transparent ring mail
 40074 | Vaults:2 | Identified the +1 ring mail of Dithmenos's Scorn {+Fly
                  | rElec} (You found it on level 2 of the Vaults)
 40104 | Vaults:2 | Found a flickering gateway to a bazaar.
 40127 | Bazaar   | Entered a bazaar
 40129 | Bazaar   | Found Buwni's Book Boutique.
 40133 | Bazaar   | Found Ahataff's Gadget Boutique.
 40133 | Bazaar   | Found Jydig's Food Boutique.
 40133 | Bazaar   | Found Ehirock's Gadget Boutique.
 40301 | Vaults:2 | Reached skill level 21 in Armour
 40343 | Vaults:2 | Noticed Donald
 40352 | Vaults:2 | Killed Donald
 40410 | Vaults:2 | Found the +2 cloak of the Thief {+Fog Slay-2 SInv Stlth+}
 40735 | Vaults:2 | Found a staircase to the Crypt.
 41780 | Vaults:3 | Received a gift from Okawaru
 41832 | Vaults:3 | Reached XP level 22. HP: 105/160 MP: 25/25
 41857 | Vaults:3 | Received a gift from Okawaru
 43049 | Vaults:4 | Found Destruck's General Store.
 43330 | Vaults:4 | Received a gift from Okawaru
 43383 | Vaults:4 | Noticed Mara
 43401 | Vaults:4 | Noticed Amen's illusion
 43404 | Vaults:4 | Killed Mara
 43404 | Vaults:4 | Received a gift from Okawaru
 43404 | Vaults:4 | Reached skill level 22 in Armour
 44111 | Vaults:4 | Noticed Asterion
 44113 | Vaults:4 | Noticed Agnes
 44114 | Vaults:4 | Killed Asterion
 44121 | Vaults:4 | Killed Agnes
 44423 | D:15     | Reached XP level 23. HP: 55/167 MP: 26/26
 44754 | Depths:1 | Found a one-way gate to the infinite horrors of the Abyss.
 45012 | Depths:1 | Found a white marble altar of Elyvilon.
 45075 | Depths:1 | Reached skill level 5 in Invocations
 45842 | Depths:2 | Received a gift from Okawaru
 45855 | Depths:2 | Got an ichor-stained dire flail {god gift}
 45856 | Depths:2 | Identified the +5 dire flail of the Badger {venom, *Noise
                  | rN+ Str+4 SInv} (Okawaru gifted it to you on level 2 of the
                  | Depths)
 45869 | Depths:2 | Found a gateway to a ziggurat.
 46455 | Depths:2 | Received a gift from Okawaru
 46481 | Depths:2 | Reached skill level 5 in Evocations
 46809 | Depths:2 | Found an ornate altar of the Wu Jian Council.
 47324 | Depths:2 | Got a pair of fine gloves
 47335 | Depths:2 | Identified the +2 pair of gloves "Ditudezi" {MP+9} (You
                  | acquired it on level 2 of the Depths)
 47589 | Depths:3 | Received a gift from Okawaru
 48131 | Depths:3 | Received a gift from Okawaru
 48254 | Depths:3 | You fall into a shaft and drop 2 floors!
 48254 | Depths:5 | Entered Level 5 of the Depths
 48269 | Depths:5 | Reached XP level 24. HP: 97/174 MP: 29/29
 48421 | Depths:5 | Noticed a juggernaut
 48429 | Depths:5 | Killed a juggernaut
 48429 | Depths:5 | Received a gift from Okawaru
 48440 | Depths:5 | Reached skill level 23 in Armour
 48568 | Depths:5 | Noticed Sojobo
 48592 | Depths:5 | Killed Sojobo
 48592 | Depths:5 | Received a gift from Okawaru
 48596 | Depths:5 | Received a gift from Okawaru
 48818 | Depths:4 | Found a flickering gateway to a bazaar.
 48828 | Bazaar   | Entered a bazaar
 48828 | Bazaar   | Found Duyqer's Gadget Emporium.
 48828 | Bazaar   | Found Ifoc Uge's Gadget Emporium.
 48829 | Bazaar   | Found Zinun's Jewellery Shoppe.
 48829 | Bazaar   | Found Vouficheux's Antique Armour Shoppe.
 48861 | Depths:4 | Received a gift from Okawaru
 49386 | Depths:4 | Received a gift from Okawaru
 49496 | Depths:4 | Received a gift from Okawaru
 49702 | Depths:4 | Reached skill level 10 in Invocations
 50556 | Depths:3 | Noticed a juggernaut
 50564 | Depths:3 | Killed a juggernaut
 51752 | Depths:5 | Reached XP level 25. HP: 91/181 MP: 31/31
 52142 | Depths:5 | Found a gate to the Realm of Zot.
 52146 | Depths:5 | Received a gift from Okawaru
 52761 | Vaults:5 | Entered Level 5 of the Vaults
 52761 | Vaults:5 | Noticed an ancient lich
 52808 | Vaults:5 | Killed an ancient lich
 52808 | Vaults:5 | Received a gift from Okawaru
 52847 | Vaults:5 | Received a gift from Okawaru
 52873 | Vaults:5 | Received a gift from Okawaru
 53082 | Vaults:5 | Reached skill level 10 in Evocations
 53210 | Vaults:5 | Noticed an ancient lich
 53217 | Vaults:5 | Killed an ancient lich
 53217 | Vaults:5 | Reached skill level 24 in Armour
 53253 | Vaults:5 | Got a silver rune of Zot
 53487 | Vaults:5 | Identified the +6 trident of the Gloaming {antimagic,
                  | Dex+3}
 53521 | Vaults:5 | Received a gift from Okawaru
 53527 | Vaults:5 | Noticed Margery
 53541 | Vaults:5 | Killed Margery
 53548 | Vaults:5 | Reached XP level 26. HP: 105/189 MP: 28/32
 54397 | Vaults:5 | Got a jewelled cloak
 54408 | Vaults:5 | Identified the +1 cloak "Yschanew" {rElec MP+9 Slay+3} (You
                  | found it on level 5 of the Vaults)
 54550 | Vaults:5 | Identified Ziaz's Compendium of Unholy Earth
 54844 | Vaults:5 | Identified the Compendium of Lightness
 55314 | Zot:1    | Entered Level 1 of the Realm of Zot
 55615 | Zot:2    | Received a gift from Okawaru
 56041 | Zot:2    | Received a gift from Okawaru
 56138 | Zot:2    | Found a corrupted altar of Lugonu.
 56176 | Zot:2    | Identified Mucw's Incunabulum of Fire and Brimstone
 56194 | Zot:2    | Identified Uxkumej's Incunabulum of the Zealot
 56855 | Zot:2    | Reached skill level 25 in Armour
 57012 | Zot:3    | Noticed a Killer Klown
 57019 | Zot:3    | Killed a Killer Klown
 57124 | Zot:3    | Reached XP level 27. HP: 190/196 MP: 34/34
 57190 | Zot:3    | Received a gift from Okawaru
 57230 | Zot:3    | Reached skill level 15 in Invocations
 57272 | Zot:3    | Noticed an orb of fire
 57274 | Zot:3    | Gained mutation: You possess an exceptional clarity of
                  | mind. [an orb of fire]
 57277 | Zot:3    | Lost mutation: You possess an exceptional clarity of mind.
                  | [an orb of fire]
 57284 | Zot:3    | Gained mutation: Your body sometimes deteriorates upon
                  | taking damage. [an orb of fire]
 57286 | Zot:3    | Gained mutation: Armour fits poorly on your strangely
                  | shaped body. [an orb of fire]
 57288 | Zot:3    | Killed an orb of fire
 57288 | Zot:3    | Received a gift from Okawaru
 57725 | Zot:3    | Received a gift from Okawaru
 57948 | Zot:3    | Found the +8 trident of the Octopus King {venom, rElec
                  | rPois MR+}
 58411 | Zot:3    | Received a gift from Okawaru
 58665 | Zot:3    | Got a crude great mace {god gift}
 58666 | Zot:3    | Identified the +6 great mace of the Final Decision {holy,
                  | *Corrode rPois Int+6 Dex+2} (Okawaru gifted it to you on
                  | level 3 of the Realm of Zot)
 59948 | Zot:1    | Noticed an orb of fire
 59960 | Zot:1    | Killed an orb of fire
 59960 | Zot:1    | Received a gift from Okawaru
 59960 | Zot:1    | Reached skill level 10 in Dodging
 60281 | Zot:5    | Entered Level 5 of the Realm of Zot
 60959 | Zot:4    | Received a gift from Okawaru
 61150 | Zot:5    | Received a gift from Okawaru
 61150 | Zot:5    | Reached skill level 26 in Armour
 61347 | Zot:5    | Received a gift from Okawaru
 61875 | Zot:5    | Noticed an ancient lich
 61891 | Zot:5    | Killed an ancient lich
 61895 | Zot:5    | Noticed an orb of fire
 61896 | Zot:5    | Noticed an ancient lich
 61907 | Zot:5    | Killed an orb of fire
 61911 | Zot:5    | Killed an ancient lich
 62359 | Zot:5    | Received a gift from Okawaru
 62367 | Zot:5    | Got a dazzling chain mail {god gift}
 62368 | Zot:5    | Identified the +0 chain mail of the Insatiable Wonders {rF-
                  | Regen+ Str+5 SInv} (Okawaru gifted it to you on level 5 of
                  | the Realm of Zot)
 62642 | Zot:5    | Noticed an orb of fire
 62643 | Zot:5    | Noticed an orb of fire
 62652 | Zot:5    | Gained mutation: You are weak. (Str -2) [an orb of fire]
 62658 | Zot:5    | Killed an orb of fire
 62662 | Zot:5    | Gained mutation: You occasionally shout uncontrollably at
                  | your foes. [an orb of fire]
 62667 | Zot:5    | Gained mutation: Scrolls take you a little longer to read.
                  | [an orb of fire]
 62669 | Zot:5    | Killed an orb of fire
 62680 | Zot:5    | Lost mutation: Scrolls take you a little longer to read.
                  | [the power of Zot]
 62764 | Zot:4    | HP: 4/196 [yellow draconian stormcaller/divine providence
                  | (11)]
 64601 | Zot:5    | Noticed an ancient lich
 64606 | Zot:5    | Received a gift from Okawaru
 64612 | Zot:5    | HP: 12/294 [deathcap/drain life[a curse toe] (7)]
 64612 | Zot:5    | HP: 2/294 [deathcap/drain life[a curse toe] (10)]
 64618 | Zot:5    | HP: 2/294 [deathcap/drain life[a curse toe] (3)]
 65240 | Zot:5    | Killed an ancient lich
 65240 | Zot:5    | Received a gift from Okawaru
 65359 | Zot:5    | Received a gift from Okawaru
 65601 | Zot:5    | Got the Orb of Zot
 65763 | Zot:3    | Noticed Zishaob the pandemonium lord
 65776 | Zot:2    | Reached skill level 27 in Armour
 66055 | D:13     | Noticed Muon the pandemonium lord
 66055 | D:13     | Noticed an ancient lich
 66110 | D:10     | Noticed Dushiss the pandemonium lord
 66208 | D:6      | Received a gift from Okawaru
 66327 | D:$      | Escaped with the Orb!

Levels and vault maps discovered:
D:1:      dpeg_arrival_chase, layout_loops_ring, minmay_pentomino_s4
D:2:      cheibrodos_old_hovel, layout_rooms, first_ration, minmay_cupped
D:3:      layout_basic
D:4:      layout_rooms, serial_shops, shop, shop, shop_statue, shop, shop,
          trog_three_pillars_becter, uniq_duvessa, uniq_natasha, uniq_edmund
D:5:      layout_cave_pools, kennysheep_mini, chequers_mini_garden,
          minmay_lizard_king
D:6:      layout_rooms, cheibriados_altar_1, chequers_garden,
          fedhas_ov_isle_minmay
D:7:      layout_basic, led_sif_pool, minmay_temple_entry_mist
D:8:      cheibrodos_steamvent, layout_basic, kennysheep_little_box
D:9:      layout_long_grid, grunt_temple_overflow_growth_and_decay,
          elyvilon_altar_3, ploomutoo_gammafunk_ghost_potion_laboratory,
          serial_rivers, chequers_serial_rivers_room_a,
          chequers_serial_rivers_small_3, chequers_serial_rivers_micro_b,
          chequers_serial_rivers_micro_e, chequers_serial_rivers_small_3,
          hangedman_pestilent_swarm
D:10:     layout_roguey, david_orc_2, minmay_diamond_spiral
D:11:     layout_cave_pools, minmay_lair_entry_grove,
          chequers_serial_rivers_micro_e
D:12:     layout_loops_ring, minmay_misc_feat_iff, nicolae_blasting_shop,
          grunt_qazlal_sundering
D:13:     layout_layer_cave, serial_shops, shop
D:14:     layout_long_grid, david_vaults_2, small_statue_intersection,
          uniq_roxanne
D:15:     grunt_enter_depths_magical_seal, layout_loops_ring, uniq_rupert
Temple:   eino_wide_crystal_templ
Lair:1:   layout_chaotic_city, minmay_lair_oklob_chamber, grunt_megastairs_2,
          uniq_erica
Lair:2:   layout_cave_pods, uniq_fannar
Lair:3:   layout_cave_shapes, minmay_snake_entry_spellcaster,
          serial_bayou_crossing, grunt_megastairs_3, serial_bayou_shore_a
Lair:4:   layout_gridlike, minmay_shoals_entry_lonely_mermaid,
          ebering_ghost_funeral_grove, minmay_lindwurm_lava, uniq_nergalle
Lair:5:   layout_hall_layers, slime_altar_1
Lair:6:   evil_forest, layout_layer_cave
Shoals:1: layout_shoals, dpeg_stationary_puzzle
Shoals:2: layout_shoals, serial_shops, nicolae_shop_stone,
          nicolae_shoals_kraken_intersection, uniq_kirke
Shoals:3: layout_shoals, uniq_ilsuiw
Shoals:4: shoals_end_simple, layout_shoals, yaktaur_hedge
Snake:1:  layout_misc_corridors, drop_trap, uniq_josephine
Snake:2:  layout_basic, serial_shops, shop, st_stairs_12
Snake:3:  layout_layer_cave, serial_bayou_shore_b, minmay_shoptagon
Snake:4:  grunt_snake_rune_pools, layout_cave_town, basic_altar, uniq_aizul,
          uniq_louise
Orc:1:    layout_diamond_mine, gammafunk_ghost_berserking_beasts,
          enter_volcano_3, nicolae_orc_rockfall, nicolae_alphabet_shops,
          uniq_maurice
Orc:2:    pf_orc_diabolical, layout_caves, basic_altar, portal_ice_cave_rime
Elf:1:    elf_arrival_001, layout_onion_city, serial_shops, shop, minivault_28,
          uniq_azrael
Elf:2:    layout_loops_cross, glass_columns_a, uniq_agnes
Elf:3:    grunt_elf_hall_asides, layout_geoelf_grid,
          ploomutoo_gammafunk_ghost_potion_laboratory, serial_shops,
          nicolae_shop_crystal, nicolae_elf_glass_and_crystal_pillar_1
Vaults:1: vaults_mumra_hexcomb, nicolae_vaults_network_s, serial_ice_g,
          v_rooms_2, vaults_mumra_minichess_inversion, v_rooms_1,
          layout_vaults_big_room
Vaults:2: ontoclasm_vaults_spin, minmay_crypt_entry_simple_box,
          vaults_room_glass_cross, nicolae_vaults_alarming, v_misc_26,
          ontoclasm_vaults_hangar, hangedman_vaults_slice,
          hangedman_vaults_corner, vaults_room_stairs_pillars, vaults_dpeg_ring,
          layout_vaults_omnigrid, serial_shops, bzr_entry_dummy, uniq_donald
Vaults:3: v_misc_23, v_misc_19, nicolae_vaults_theta,
          nicolae_vaults_network_quincunx
          [nicolae_vaults_network_quincunx_subvault,
          nicolae_vaults_network_quincunx_subvault,
          nicolae_vaults_network_quincunx_subvault,
          nicolae_vaults_network_quincunx_subvault,
          nicolae_vaults_network_quincunx_subvault], v_misc_8,
          grunt_vaults_funnel, vaults_dpeg_encased_lava, vaults_room_semicircle,
          layout_vaults_maze_snakey
Vaults:4: v_rooms_3, v_misc_27, nicolae_vaults_ring_of_whatevers,
          hangedman_vaults_trim, v_alt_pattern_6,
          nicolae_vaults_little_squares_3, hangedman_vaults_pinch, v_misc_10,
          vaults_room_octagon, sword_in_stone, layout_vaults_omnibox,
          serial_shops, shop, uniq_mara
Vaults:5: uniq_margery
Depths:1: layout_gridlike, abyss_entry_crystal, grunt_hell_horde,
          feat_on_display, hangedman_decor_cross_pass
Depths:2: minmay_the_grid_octo_tiled_squarecenter
          [minmay_the_grid_octo_concentric, minmay_the_grid_octo_checkered,
          minmay_the_grid_octo_clover, minmay_the_grid_octo_horde,
          minmay_the_grid_square_5x5_megaprize_hollow,
          minmay_the_grid_square_5x5_shrine1,
          minmay_the_grid_square_5x5_n_small, minmay_the_grid_square_5x5_mess,
          minmay_the_grid_square_5x5_bracketed], layout_small_grid,
          enter_ziggurat_c, serial_sigils_hangedman_leer, hell_entry,
          minmay_staircase_statues_hall_small
Depths:3: minmay_outward_triangles, layout_gridville, pan_entry,
          minmay_splitting_lines, hell_entry
Depths:4: minmay_open_boxes_in_corner, layout_cave_pools,
          grunt_pan_entry_zigzag, abyss_entry, hell_entry, serial_shops,
          bzr_entry_water, nrook_campfire, infiniplex_staircase_pillars_2
Depths:5: grunt_runaround [grunt_runaround_doors_1, grunt_runaround_doors_2,
          grunt_runaround_doors_3, grunt_runaround_doors_4,
          grunt_runaround_zot], hell_entry, uniq_sojobo
Zot:1:    layout_cathedral_of_symmetry
Zot:2:    nicolae_zot_draconian_monastery, layout_concentric_octagons
Zot:3:    grunt_deathspiral_small, layout_onion_interference,
          hangedman_snap_crack_crunch
Zot:4:    layout_onion, zot_minivault_1
Zot:5:    layout_twisted_circle, st_stairs_14

Skill      XL: |  1  2  3  4  5  6  7  8  9 10 11 12 13 14 15 16 17 18 19 20 21 22 23 24 25 26 27 |
---------------+----------------------------------------------------------------------------------+-----
Maces & Flails | 3 4 5 6 7 9 11 12 13 14 15 16 17 18 19 20 21 23 | 23.2
Fighting       | 4 5 6 7 9 10 12 13 14 15 17 18 20 21 22 23 24 25 26 | 26.0
Armour         | 6 9 10 12 14 16 17 18 19 20 21 22 23 24 25 27 | 27.0
Dodging        | 5 6 8 12 | 12.9
Invocations    | 4 8 11 13 14 20 | 20.2
Evocations     | 2 6 9 10 11 | 11.5
Bows           | 4 9 12 | 12.0
Shields        | |  3.2

Action                   |  1- 3 |  4- 6 |  7- 9 | 10-12 | 13-15 | 16-18 | 19-21 | 22-24 | 25-27 || total
-------------------------+-------+-------+-------+-------+-------+-------+-------+-------+-------++-------
Melee: Flail             |   122 |   205 |   330 |   596 |       |       |       |       |       ||  1253
       Dire flail        |       |       |       |   108 |   242 |       |       |       |       ||   350
       Great mace        |       |       |       |    23 |   973 |  1049 |  1261 |  1249 |  1896 ||  6451
Invok: Heroism           |       |       |       |     1 |     1 |     1 |     5 |    11 |    15 ||    34
       Finesse           |       |       |       |       |       |       |     1 |     5 |     9 ||    15
 Abil: Fly               |       |       |       |       |     1 |     1 |     1 |     1 |       ||     4
       Stop Flying       |       |       |       |       |     1 |     1 |     1 |     1 |       ||     4
Evoke: Wand              |       |       |       |       |     1 |     6 |     1 |     1 |     8 ||    17
  Use: Scroll            |       |     2 |     6 |     5 |    22 |    16 |     8 |     5 |    20 ||    84
       Potion            |       |     1 |     2 |       |     4 |     3 |     4 |     4 |    21 ||    39
  Eat: Chunk             |     1 |     5 |    10 |    13 |    32 |     7 |    10 |    11 |     1 ||    90
       Ration            |       |     1 |       |     2 |     3 |     7 |     6 |     7 |    15 ||    41
Armor: Scale mail        |    97 |    57 |       |       |       |   506 |   845 |   939 |    19 ||  2463
       Chain mail        |       |    50 |    22 |       |       |       |       |       |       ||    72
       Ring mail         |       |       |   167 |   305 |   699 |   366 |   118 |       |       ||  1655
       Crystal plate arm |       |       |       |       |       |       |       |       |  1910 ||  1910
Dodge: Dodged            |    70 |    69 |   117 |   270 |   973 |   703 |   811 |   834 |  1048 ||  4895
Block: Shield            |    84 |   124 |   204 |   222 |       |       |       |       |       ||   634

Table legend:
 A = Non-vault XP
 B = Vault XP
 C = Vault XP percentage of total XP
 D = Non-vault monster count
 E = Vault monster count
 F = Vault count percentage of total count
                 A         B        C        D         E       F
            +---------+---------+-------+---------+---------+-------
      Total |  795342 |  920420 |  53.6 |    1480 |     869 |  37.0
            +---------+---------+-------+---------+---------+-------
        D:1 |      29 |      10 |  25.6 |      17 |       4 |  19.0
        D:2 |      36 |      32 |  47.1 |      11 |       5 |  31.2
        D:3 |     185 |     171 |  48.0 |      31 |       1 |   3.1
        D:4 |     275 |     242 |  46.8 |      10 |       3 |  23.1
        D:5 |     864 |      49 |   5.4 |      26 |       8 |  23.5
        D:6 |     755 |       0 |   0.0 |      23 |       0 |   0.0
        D:7 |    1777 |       0 |   0.0 |      24 |       0 |   0.0
        D:8 |     686 |     364 |  34.7 |      14 |       2 |  12.5
        D:9 |    2143 |     727 |  25.3 |      31 |       4 |  11.4
       D:10 |    2507 |    1022 |  29.0 |      24 |       9 |  27.3
       D:11 |    2206 |    2184 |  49.7 |      22 |      13 |  37.1
       D:12 |    9335 |       0 |   0.0 |      49 |       0 |   0.0
       D:13 |    9473 |       0 |   0.0 |      44 |       0 |   0.0
       D:14 |   11675 |    1716 |  12.8 |      31 |       3 |   8.8
       D:15 |   20095 |    6760 |  25.2 |      56 |       9 |  13.8
     Temple |       2 |       0 |   0.0 |       1 |       0 |   0.0
     Lair:1 |    5195 |    1848 |  26.2 |      23 |       2 |   8.0
     Lair:2 |    6771 |    1028 |  13.2 |      20 |       1 |   4.8
     Lair:3 |    4470 |    1798 |  28.7 |      26 |       7 |  21.2
     Lair:4 |    5302 |    1247 |  19.0 |      19 |       2 |   9.5
     Lair:5 |    5662 |       0 |   0.0 |      21 |       0 |   0.0
     Lair:6 |   10206 |    8942 |  46.7 |      39 |      26 |  40.0
   Shoals:1 |   17608 |     692 |   3.8 |      34 |       1 |   2.9
   Shoals:2 |   12700 |     196 |   1.5 |      26 |       1 |   3.7
   Shoals:3 |   17674 |     768 |   4.2 |      30 |       2 |   6.2
   Shoals:4 |   13210 |   21667 |  62.1 |      26 |      35 |  57.4
    Snake:1 |    5758 |    2171 |  27.4 |      15 |       6 |  28.6
    Snake:2 |   14555 |     388 |   2.6 |      25 |       1 |   3.8
    Snake:3 |   24454 |    1478 |   5.7 |      42 |       2 |   4.5
    Snake:4 |    8368 |   42610 |  83.6 |      18 |      58 |  76.3
      Orc:1 |    4741 |     773 |  14.0 |      46 |       3 |   6.1
      Orc:2 |    3259 |   17904 |  84.6 |      27 |      70 |  72.2
      Elf:1 |   14420 |   10482 |  42.1 |      25 |      22 |  46.8
      Elf:2 |   20624 |   23673 |  53.4 |      42 |      30 |  41.7
      Elf:3 |    9449 |   62342 |  86.8 |      17 |      46 |  73.0
   Vaults:1 |   21172 |   23256 |  52.3 |      32 |      39 |  54.9
   Vaults:2 |   26423 |   21758 |  45.2 |      58 |      33 |  36.3
   Vaults:3 |   45793 |    6999 |  13.3 |      72 |      14 |  16.3
   Vaults:4 |   29524 |   32740 |  52.6 |      41 |      39 |  48.8
   Vaults:5 |   26598 |  158671 |  85.6 |      33 |      99 |  75.0
   Depths:1 |   37991 |    1331 |   3.4 |      52 |       9 |  14.8
   Depths:2 |   20901 |   25503 |  55.0 |      30 |      24 |  44.4
   Depths:3 |   44104 |   17624 |  28.6 |      48 |       5 |   9.4
   Depths:4 |   19017 |   21687 |  53.3 |      23 |      20 |  46.5
   Depths:5 |     567 |   93524 |  99.4 |       2 |      61 |  96.8
      Zot:1 |   29716 |       0 |   0.0 |      14 |       0 |   0.0
      Zot:2 |   57016 |   27789 |  32.8 |      30 |      18 |  37.5
      Zot:3 |   61468 |   98148 |  61.5 |      37 |      49 |  57.0
      Zot:4 |   48320 |   17408 |  26.5 |      33 |      14 |  29.8
      Zot:5 |   60263 |  152201 |  71.6 |      40 |      41 |  50.6
      IceCv |       0 |    5506 | 100.0 |       0 |      20 | 100.0
    Volcano |       0 |    2991 | 100.0 |       0 |       8 | 100.0
            +---------+---------+-------+---------+---------+-------
